 Dungeon Crawl Stone Soup version 0.32-a0-119-g2e8054a333 (webtiles) character file.

Game seed: 2128698380826526056

345 CougarLife the Ruffian (level 6, -5/59 HPs)
             Began as a Troll Fighter on Feb 6, 2024.
             Slain by a hornet (10 damage)
             ... while paralysed by a hornet
             ... on level 4 of the Dungeon.
             The game lasted 00:05:02 (3036 turns).

CougarLife the Ruffian (Troll Fighter)              Turns: 3036, Time: 00:05:02

Health: -5/59      AC:  4    Str: 27    XL:     6   Next: 32%
Magic:  5/5        EV:  1    Int:  4    God:
Gold:   236        SH:  0    Dex:  9    Spells: 5/5 levels left

rFire   . .          .
                       - Unarmed
rCold   . . .        b - +0 kite shield
rNeg    . . .        a - +0 robe
rPois   .            (helmet restricted)
rElec   .            (no cloak)
rCorr   .            (gloves unavailable)
SInv    .            (boots unavailable)
Will    .....        s - amulet of reflection
Stlth   +            (no ring)
HPRegen 1.09/turn    (no ring)
MPRegen 0.09/turn

%: reflection
@: paralysed, mighty, lethally poisoned (-5 -> -5), slowed
A: large, unfitting armour, claws 3, regeneration 1, shaggy fur 1, tough skin 1
a: no special abilities


You were on level 4 of the Dungeon.
You visited 1 branch of the dungeon, and saw 4 of its levels.

You collected 275 gold pieces.
You spent 39 gold pieces at shops.

Inventory:

Armour
 a - a +0 robe (worn)
 b - a +0 kite shield (worn)
Jewellery
 o - a +6 ring of intelligence
 s - an amulet of reflection (around neck)
Wands
 k - a wand of polymorph (7)
 r - a wand of acid (7)
Scrolls
 d - 3 scrolls of revelation {unknown}
 e - 9 scrolls of identify {unknown}
 h - a scroll of enchant armour {unknown}
 i - 2 scrolls of noise {unknown}
 j - a scroll of acquirement {unknown}
 n - 2 scrolls of teleportation {unknown}
 t - a scroll of enchant weapon {unknown}
 u - 2 scrolls of poison {unknown}
 v - a scroll of vulnerability {unknown}
 w - a scroll of amnesia {unknown}
Potions
 f - 2 potions of brilliance {unknown}
 g - 2 potions of lignification {unknown}
 l - a potion of haste {unknown}
 m - 3 potions of curing
 p - a potion of enlightenment {unknown}
 q - a potion of heal wounds {unknown}


   Skills:
 - Level 2.4 Fighting
 - Level 3.0 Dodging
 - Level 2.6 Shields
 + Level 6.4 Unarmed Combat


You had 5 spell levels left.
You didn't know any spells.
Your spell library contained the following spells:

 Spells                   Type           Power      Damage    Failure   Level
 Apportation              Tloc           0%         N/A       75%         1
 Jinxbite                 Hex            0%         N/A       87%         2
 Summon Ice Beast         Ice/Summ       0%         N/A       98%         3
 Alistair's Intoxication  Alch           0%         N/A       100%        5
 Summon Mana Viper        Hex/Summ       0%         N/A       100%        5
 Monstrous Menagerie      Summ           0%         N/A       100%        7


Dungeon Overview and Level Annotations

Branches:
Dungeon (4/15)
 Temple: D:4-7

Altars:

Shops:
D:2 !


Innate Abilities, Weirdness & Mutations

You are too large for most types of armour.
You have claws for hands.
Your natural rate of healing is unusually fast.
You are covered in fur. (AC +1)
You have tough skin. (AC +1)


Message History

You are poisoned.
You feel yourself slow down.
You claw the hornet!
The hornet is moderately wounded.
You feel very sick. The hobgoblin closely misses you. The hornet stings you!
You feel as though you will be slow longer.
The gnoll hits you with a +0 whip. The hobgoblin hits you.
You block the hornet's attack. The gnoll closely misses you.
You completely miss the hornet.
The hornet is moderately wounded.
You feel very sick. The hornet barely misses you.
The hobgoblin closely misses you. You block the gnoll's attack.
The hornet stings you!
You feel as though you will be slow longer.
You closely miss the hornet.
The hornet is moderately wounded.
You feel sick. The hornet closely misses you.
The hobgoblin hits you but does no damage.
You block the gnoll's attack. The hornet stings you.
You feel as though you will be slow longer.
You block the hobgoblin's attack. You block the gnoll's attack.
You claw the hornet!
The hornet is heavily wounded.
You feel sick.
The hornet stings you but does no damage.
The giant cockroach waves its antennae.
You block the hornet's attack. The hobgoblin hits you.
* * * LOW HITPOINT WARNING * * *
The gnoll hits you with a +0 whip.
* * * LOW HITPOINT WARNING * * *
The hornet stings you.
* * * LOW HITPOINT WARNING * * *
You suddenly lose the ability to move!
You feel sick.
The hobgoblin hits you but does no damage.
The gnoll hits you with a +0 whip.
* * * LOW HITPOINT WARNING * * *
The hornet stings you!
You die...

##........#####....###
#.†#...##'#?=?#'##...##
#####.#..###..#...#..###..#
..#...#.## #).#...#..#.##.#
..#...#.+ #..#...#..#).).#
..#...#.## #..#...#..#.##)#
#........# #..#.Bz#..###..#
...........####ggy####....#
#.............##@##.......#
..........................#
..........................####
..........######.............#
..###...... .............##.#
#.# ...... ....##........##.#
#.#..... ..... #.....#####.#
#.#...# ..... #.....#####.###
......# .....##.............##


You could see a hornet, a wight, a gnoll, a giant cockroach and a hobgoblin.

Vanquished Creatures
  A gnoll bouda (D:4)
  Natasha (thrice) (D:2)
  3 orc wizards
  9 adders
  A dart slug (D:1)
  3 orcs (D:3)
  6 ball pythons
  5 bats
  9 endoplasms
  8 giant cockroaches
  7 goblins
  3 hobgoblins
  3 jackals (D:2)
  8 kobolds
  4 quokkas
  4 frilled lizards (D:1)
  5 rats
82 creatures vanquished.

Notes
Turn   | Place    | Note
-------+----------+-------------------------------------------
     0 | D:1      | CougarLife the Troll Fighter began the quest for the Orb.
     0 | D:1      | Reached XP level 1. HP: 22/22 MP: 0/0
   246 | D:1      | Reached XP level 2. HP: 29/29 MP: 1/1
   312 | D:1      | Found a faded altar of an unknown god.
   947 | D:2      | Reached XP level 3. HP: 36/36 MP: 2/2
  1031 | D:2      | Reached skill level 3 in Unarmed Combat
  1040 | D:2      | Noticed Natasha
  1042 | D:2      | Killed Natasha
  1141 | D:2      | Reached XP level 4. HP: 44/44 MP: 3/3
  1169 | D:2      | Noticed Natasha
  1189 | D:2      | Killed Natasha
  1190 | D:2      | Reached skill level 4 in Unarmed Combat
  1335 | D:2      | Noticed Natasha
  1361 | D:2      | Killed Natasha
  1584 | D:2      | Found Wecossu's Distillery.
  1589 | D:2      | Bought a potion of curing for 39 gold pieces
  1753 | D:2      | Reached XP level 5. HP: 50/50 MP: 4/4
  2212 | D:3      | Reached skill level 5 in Unarmed Combat
  2761 | D:4      | Reached skill level 6 in Unarmed Combat
  2761 | D:4      | Reached XP level 6. HP: 59/59 MP: 5/5
  3025 | D:4      | Noticed a hornet
  3035 | D:4      | Paralysed by a hornet for 2 turns
  3036 | D:4      | Slain by a hornet

Illustrated notes

Levels and vault maps discovered:
D:1:      nzn_arrival_water_spiral, layout_loops_corners,
          chequers_ecumenical_altar_simple, hangedman_decor_clover_reticule,
          serial_bayou_crossing
D:2:      layout_basic, serial_shops, shop, uniq_natasha
D:3:      minmay_diamond_boxcup, layout_basic
D:4:      minmay_wonky_spiral, layout_basic, minmay_divided_ellipse, uniq_edmund

Skill      XL: |  1  2  3  4  5 |
---------------+----------------+-----
Dodging        | 3 |  3.0
Unarmed Combat | 3 4 6 |  6.4
Fighting       | |  2.4
Shields        | |  2.6

Action                     |  1- 3 |  4- 6 || total
---------------------------+-------+-------++-------
  Melee: Unarmed           |    67 |   186 ||   253
    Use: Potion            |       |     1 ||     1
 Armour: Robe              |    30 |    92 ||   122
         Skin              |       |    16 ||    16
  Dodge: Dodged            |    23 |    50 ||    73
  Block: Kite shield       |    15 |    75 ||    90
         Reflection        |       |     5 ||     5

Table legend: (Time is in decaauts)
 A = Elapsed time spent in this place.
 B = Non-inter-level travel time spent in this place.
 C = Inter-level travel time spent in this place.
 D = Time resting spent in this place.
 E = Time spent auto-exploring this place.
 F = Levels seen in this place.
 G = Mean time per level.
                   A        B        C        D        E       F      G
               +--------+--------+--------+--------+--------+-----+--------+
         Total |   3056 |   3011 |     45 |     41 |   2409 |   4 |  764.0 |
       Dungeon |   3056 |   3011 |     45 |     41 |   2409 |   4 |  764.0 |
               +--------+--------+--------+--------+--------+-----+--------+

Top non-repeatable levels by time:
     D:2: 1074 daAuts
     D:1: 906 daAuts
     D:3: 671 daAuts
     D:4: 403 daAuts
